 Dungeon Sprint DCSS version 0.24.1 (webtiles) character file.

Game seed: 5908512078464453473, levelgen mode: deterministic

156 Groucho the Chopper (level 5, -6/49 HPs)
             Began as a Naga Fighter on Mar 25, 2020.
             Was a Priest of Cheibriados.
             Killed from afar by a white imp (11 damage)
             ... with a puff of frost
             ... in the Dungeon (Sprint VII: "The Pits").
             The game lasted 00:01:54 (1101 turns).

Groucho the Chopper (Naga Fighter)                  Turns: 1101, Time: 00:01:54

Health: -6/49      AC:  6    Str: 31    XL:     5   Next: 37%
Magic:  8/8        EV:  6    Int: 16    God:    Cheibriados [***...]
Gold:   0          SH: 12    Dex: 20    Spells: 4/4 levels left

rFire    . . .     SeeInvis +   l - +2 hand axe
rCold    . . .     Gourm    .   c - +0 shield
rNeg     . . .     Faith    .   b - +0 scale mail
rPois    +         Spirit   .   (no helmet)
rElec    .         Reflect  .   (no cloak)
rCorr    .         Harm     .   (no gloves)
MR       .....     NoTele   +   (no barding)
Stlth    ..........             (no amulet)
HPRegen  0.16/turn              (no ring)
MPRegen  0.11/turn              (no ring)

@: mighty, lethally poisoned (-6 -> -7), very slow
A: large, see invisible, deformed body, poison resistance, slowness 2, slow
metabolism 1, spit poison 1, AC +1
a: Spit Poison, Bend Time, Temporal Distortion, Renounce Religion


You were in the Dungeon.
You worshipped Cheibriados.
Cheibriados was most pleased with you.
You were not hungry.

You visited 1 branch

Inventory:

Hand Weapons
 a - a +0 war axe
 l - a +2 hand axe (weapon)
 m - a +2 mace
Missiles
 r - 10 stones (quivered)
Armour
 b - a +0 scale mail (worn)
 c - a +0 shield (worn)
Scrolls
 k - a scroll of blinking
 o - 3 scrolls of remove curse
 p - 5 scrolls of amnesia
 q - a scroll of summoning
Potions
 h - a potion of haste
 i - 4 potions of magic
 j - 3 potions of berserk rage
 n - 2 potions of invisibility
Comestibles
 f - 9 rations


   Skills:
 - Level 3.2 Fighting
 + Level 5.5 Axes
 + Level 4.9 Armour
 + Level 5.0 Shields
 + Level 5.2 Invocations


You had 4 spell levels left.
You didn't know any spells.
Your spell library was empty.

Dungeon Overview and Level Annotations

Branches:
Dungeon (1/1)

Altars:
Ashenzari
Cheibriados
Dithmenos
Elyvilon
Fedhas
Gozag
Hepliaklqana
Kikubaaqudgha
Makhleb
Nemelex Xobeh
Okawaru
Qazlal
Ru
Sif Muna
Trog
Uskayaw
Vehumet
Wu Jian
Xom
Yredelemnul
Zin
The Shining One
Beogh
Jiyva
Lugonu


Innate Abilities, Weirdness & Mutations

You cannot wear boots.
Your serpentine skin is tough. (AC +1)
You have supernaturally acute eyesight. (SInv)
Armour fits poorly on your strangely shaped body.
Your system is resistant to poisons. (rPois)
You cover ground very slowly.
You have a slow metabolism.
You can spit poison.


Message History

* * * LOW HITPOINT WARNING * * *
You closely miss the white imp.
The white imp is lightly wounded.
The white imp hits you.
* * * LOW HITPOINT WARNING * * *
The white imp freezes you.
* * * LOW HITPOINT WARNING * * *
You closely miss the white imp.
The white imp is lightly wounded.
You block the white imp's attack.
Okay, then.
You hit the white imp.
The white imp is heavily wounded.
The white imp gestures at you. The puff of frost hits you.
* * * LOW HITPOINT WARNING * * *
You feel very mighty all of a sudden. The white imp gestures at you.
The puff of frost hits you!
You die...

############ #_________.#
#_________.#
#_______...###########++
##########'##...........
#.?|.'.))'.##......#..#
##########.##..........
#.......รท..['...........
+#####@#####......#..#.
#..#5.# #...........
#..'..# ####'#####+
#..#### #.......# #..#
#.......# #..# #.......#
##'# #...<...# ....
#.......# ......
#.......#


You could see a white imp.

Vanquished Creatures
  A floating eye (D)
  A worker ant (D)
  2 adders (D)
  A river rat (D)
  An ufetubus (D)
  An orc (D)
  A quokka (D)
8 creatures vanquished.

Notes
Turn   | Place    | Note
-------+----------+-------------------------------------------
     0 | D        | Groucho the Naga Fighter began the quest for the Orb.
     0 | D        | Reached XP level 1. HP: 21/21 MP: 1/1
   300 | D        | Found a bloodstained altar of Trog.
   300 | D        | Found a shimmering blue altar of Sif Muna.
   300 | D        | Found a viscous altar of Jiyva.
   300 | D        | Found a hazy altar of Hepliaklqana.
   300 | D        | Found an opulent altar of Gozag.
   301 | D        | Found a glowing golden altar of the Shining One.
   301 | D        | Found a glowing silver altar of Zin.
   301 | D        | Found a basalt altar of Yredelemnul.
   301 | D        | Found a shimmering altar of Xom.
   301 | D        | Found an ornate altar of the Wu Jian Council.
   301 | D        | Found a sacrificial altar of Ru.
   301 | D        | Found a stormy altar of Qazlal.
   301 | D        | Found an iron altar of Okawaru.
   301 | D        | Found a sparkling altar of Nemelex Xobeh.
   301 | D        | Found a burning altar of Makhleb.
   301 | D        | Found a blossoming altar of Fedhas.
   301 | D        | Found a white marble altar of Elyvilon.
   301 | D        | Found a shadowy altar of Dithmenos.
   301 | D        | Found a snail-covered altar of Cheibriados.
   303 | D        | Found a radiant altar of Vehumet.
   303 | D        | Found a corrupted altar of Lugonu.
   303 | D        | Found a roughly hewn altar of Beogh.
   304 | D        | Found a hide-covered altar of Uskayaw.
   304 | D        | Found an ancient bone altar of Kikubaaqudgha.
   304 | D        | Found a shattered altar of Ashenzari.
   312 | D        | Became a worshipper of Cheibriados the Contemplative
   332 | D        | Reached skill level 1 in Invocations
   332 | D        | Reached XP level 2. HP: 15/28 MP: 1/3
   334 | D        | Reached * piety under Cheibriados
   767 | D        | Noticed a floating eye
   771 | D        | Paralysed by a floating eye for 3 turns
   777 | D        | Paralysed by a floating eye for 3 turns
   779 | D        | HP: 1/28 [adder (3)]
   782 | D        | Reached ** piety under Cheibriados
   782 | D        | Reached XP level 3. HP: 32/34 MP: 3/5
   784 | D        | Paralysed by a floating eye for 2 turns
   787 | D        | Paralysed by a floating eye for 2 turns
   789 | D        | Killed a floating eye
   789 | D        | Reached skill level 5 in Axes
   789 | D        | Reached XP level 4. HP: 41/42 MP: 3/7
   789 | D        | Reached XP level 5. HP: 48/49 MP: 3/8
  1090 | D        | Reached *** piety under Cheibriados
  1092 | D        | Reached skill level 5 in Shields
  1092 | D        | Reached skill level 5 in Invocations
  1101 | D        | Killed from afar by a white imp

Levels and vault maps discovered:
D:        pitsprint [storerooms_1, entrance_room_1, metal_vault_6, armoury_2,
          mini_pit_1, grid_room_1, main_hall_1, silver_pit, the_coven_3,
          the_vestibule_1, steel_vault_5, golden_pit, hallway_of_sentries,
          crystal_vault_2, iron_vault_3, final_vault]

Skill      XL: |  1  2  3  4  5 |
---------------+----------------+-----
Armour         | 3 4 |  4.9
Shields        | 3 4 5 |  5.0
Invocations    | 1 2 4 5 |  5.2
Axes           | 3 5 |  5.5
Fighting       | |  3.2

Action                   |  1- 3 |  4- 6 || total
-------------------------+-------+-------++-------
Melee: Hand axe          |    18 |    12 ||    30
       War axe           |     3 |       ||     3
 Abil: Spit Poison       |     1 |       ||     1
  Use: Potion            |     2 |     1 ||     3
Armor: Scale mail        |     7 |    10 ||    17
Dodge: Dodged            |     2 |     3 ||     5
Block: Shield            |     9 |    12 ||    21
